AoeStats
← 海峡

QS Arena

503603728Analyzed
4v4 RM · 1mo ago on Sep 1, 2026· 42m 32s· 8 players
Game mode
Random Map
Map size
Large (8 player)
Population
200
Speed
Normal
Resources
Standard
Victory
Conquest
Starting age
Dark Age
Ending age
Imperial Age
RankedLock teamsTeams togetherTeam positionsShared explorationLock speedFull tech treeHidden civsTurbo modeCheats
Victory
Defeat
🇭🇰 Bengalis · Hong Kong SAR China
1576
+10
🇨🇳 Goths · China
1468
+14
🇹🇼 Italians · Taiwan
1406
+17
🇹🇼 Ethiopians · Taiwan
1396
+18
🇺🇸 Saracens · United States
1516
-19
🇨🇳 Mapuche · China
1466
-16
🇩🇴 Portuguese · Dominican Republic
1398
-13
🇨🇳 Franks · China
1345
-11
Random Civ Pocket
8:12 Feudal Age
8:59 Double-Bit Axe
11:51 Castle Age
10:17 Horse Collar
12:55 Bow Saw
13:08 Heavy Plow
20:32 Wheelbarrow
20:53 Gold Mining
21:06 Loom
25:50 Imperial Age
23:38 Scale Mail Armor
23:00 Pikeman
24:56 Hand Cart
25:19 Gold Shaft Mining
26:14 Fletching
26:51 Ballistics
27:48 Two-Man Saw
26:56 Halberdier
27:58 Chain Mail Armor
27:39 Bodkin Arrow
27:48 Padded Archer Armor
27:44 Bodkin Arrow
28:38 Conscription
28:38 Forging
28:25 Bodkin Arrow
28:57 Elite Elephant Archer
30:26 Paiks
30:36 Bracer
30:52 Leather Archer Armor
31:40 Chemistry
32:23 Ring Archer Armor
33:50 Coinage
33:57 Iron Casting
33:27 Siege Engineers
33:28 Siege Elephant
36:31 Blast Furnace
36:14 Scale Barding Armor
37:00 Bloodlines
36:52 Husbandry
36:21 Light Cavalry
38:24 Crop Rotation
38:45 Chain Barding Armor
致远Deepgame
7:51 Feudal Age
9:02 Double-Bit Axe
11:44 Castle Age
9:56 Horse Collar
13:13 Bow Saw
16:59 Stone Mining
18:35 Wheelbarrow
18:36 Town Watch
18:40 Loom
18:48 Loom
19:31 Heavy Plow
20:16 Gold Mining
21:04 Hand Cart
21:45 Scale Mail Armor
23:04 Chain Mail Armor
22:59 Forging
25:17 Iron Casting
27:35 Imperial Age
25:11 Fletching
25:50 Anarchy
27:43 Squires
32:35 Perfusion
34:43 Crop Rotation
34:38 Bodkin Arrow
34:13 Elite Huskarl
35:57 Blast Furnace
36:08 Conscription
38:42 Chemistry
38:36 Perfusion
40:48 Two-Man Saw
40:13 Bodkin Arrow
41:22 Ballistics
41:04 Bracer
41:04 Padded Archer Armor
快樂 543
8:34 Feudal Age
13:05 Castle Age
10:55 Double-Bit Axe
11:20 Horse Collar
12:32 Gold Mining
13:59 Bow Saw
14:57 Loom
16:26 Heavy Plow
20:22 Wheelbarrow
20:53 Stone Mining
21:42 Fletching
21:54 Padded Archer Armor
26:47 Imperial Age
24:27 Bodkin Arrow
24:30 Town Watch
25:30 Leather Archer Armor
26:03 Ballistics
26:55 Onager
28:36 Chemistry
28:28 Bracer
28:58 Ring Archer Armor
28:51 Scale Mail Armor
29:02 Forging
32:34 Elite Genoese Crossbowman
33:52 Murder Holes
39:49 Conscription
41:18 Chain Mail Armor
41:38 Iron Casting
40:55 Arrowslits
41:00 Guard Tower
41:29 Hand Cart
快樂987
8:38 Feudal Age
12:21 Castle Age
10:22 Fletching
10:59 Double-Bit Axe
13:00 Bodkin Arrow
15:42 Loom
26:34 Crossbowman
28:48 Ballistics
28:34 Padded Archer Armor
30:21 Wheelbarrow
30:32 Bow Saw
30:13 Horse Collar
31:12 Town Watch
32:04 Thumb Ring
33:26 Leather Archer Armor
34:07 Heavy Plow
34:39 Hand Cart
34:21 Gold Mining
34:22 Stone Mining
37:25 Imperial Age
36:08 Gold Shaft Mining
40:05 Bracer
39:25 Arbalester
40:09 Torsion Engines
40:29 Conscription
39:56 Capped Ram
41:03 Siege Engineers
42:08 Chemistry
42:04 Ring Archer Armor
42:46 Masonry
41:59 Siege Ram
MacBookUser
6:51 Feudal Age
7:18 Double-Bit Axe
9:50 Fletching
10:18 Loom
10:23 Horse Collar
13:20 Padded Archer Armor
19:39 Castle Age
19:49 Crossbowman
20:24 Bodkin Arrow
21:31 Leather Archer Armor
22:04 Ballistics
22:51 Bow Saw
23:29 Heavy Plow
24:58 Thumb Ring
33:29 Imperial Age
32:20 Gold Mining
32:34 Elite Skirmisher
33:33 Arbalester
34:46 Ring Archer Armor
35:19 Chemistry
35:27 Two-Man Saw
35:08 Bracer
36:52 Wheelbarrow
PoLaiNas
8:40 Feudal Age
12:51 Castle Age
12:21 Double-Bit Axe
13:21 Bloodlines
13:37 Scale Barding Armor
13:50 Horse Collar
21:28 Heavy Plow
21:39 Bow Saw
25:01 Chain Barding Armor
32:14 Coinage
32:24 Wheelbarrow
35:07 Imperial Age
33:18 Padded Archer Armor
33:15 Gold Mining
34:02 Fortified Wall
34:25 Fletching
34:58 Ballistics
35:01 Bodkin Arrow
36:47 Chemistry
36:13 Bracer
37:27 Chemistry
36:48 Murder Holes
37:59 Elite Organ Gun
39:01 Forging
39:41 Crop Rotation
40:12 Two-Man Saw
38:45 Light Cavalry
40:02 Plate Barding Armor
39:52 Conscription
39:50 Husbandry
41:06 Iron Casting
海峡
8:02 Feudal Age
9:10 Double-Bit Axe
11:54 Castle Age
9:48 Horse Collar
13:01 Bow Saw
14:22 Gold Mining
18:02 Heavy Plow
21:34 Imperial Age
18:59 Fletching
19:10 Padded Archer Armor
18:44 Elite Skirmisher
20:16 Bodkin Arrow
22:25 Butalmapu
24:52 Chemistry
26:10 Malon
27:17 Ballistics
28:47 Leather Archer Armor
30:05 Conscription
30:27 Ring Archer Armor
30:08 Treadmill Crane
31:35 Wheelbarrow
32:11 Coinage
33:48 Loom
34:19 Hand Cart
33:50 Town Watch
34:53 Scale Mail Armor
35:04 Forging
36:08 Pikeman
冰石戟
8:28 Feudal Age
12:19 Castle Age
13:09 Double-Bit Axe
17:55 Loom
19:04 Bow Saw
20:26 Wheelbarrow
21:14 Hand Cart
22:40 Stone Mining
22:41 Gold Mining
25:12 Gold Shaft Mining
24:31 Town Watch
27:58 Imperial Age
25:51 Scale Mail Armor
25:57 Squires
25:43 Arson
26:18 Masonry
26:29 Ballistics
26:30 Town Patrol
26:56 #83
26:54 Chain Mail Armor
26:49 Forging
27:51 Scale Barding Armor
28:22 Iron Casting
28:47 Husbandry
29:35 Conscription
29:16 Chivalry
28:41 Cavalier
30:11 Chain Barding Armor
30:52 Blast Furnace
30:22 Paladin
31:57 Plate Barding Armor
32:03 Pikeman
Connection lost

Rejoining the realm…

Still unreachable

The connection could not be restored.

Session expired

The server has moved on; the page needs a fresh start.